 Dungeon Crawl Stone Soup version 0.31-a0-175-g9f7f995f2b (webtiles) character file.

Game seed: 1630816964179061464

28 Moral the Vexing (level 2, -5/11 HPs)
             Began as a Felid Enchanter on June 17, 2023.
             Slain by a worm (9 damage)
             ... on level 2 of the Dungeon.
             The game lasted 00:06:02 (974 turns).

Moral the Vexing (Felid Enchanter)                   Turns: 974, Time: 00:06:03

Health: -5/11      AC:  1    Str:  4    XL:     2   Next: 96%
Magic:  6/6        EV: 17    Int: 16    God:
Gold:   33         SH:  0    Dex: 16    Spells: 5/5 levels left
                                        Lives:  0   Deaths: 0

rFire   . .          .
                       - Unarmed
rCold   . . .        (shield unavailable)
rNeg    . . .        (body armour unavailable)
rPois   .            (helmet unavailable)
rElec   .            (cloak unavailable)
rCorr   .            (gloves unavailable)
SInv    +            (boots unavailable)
Will    .....        (no amulet)
Stlth   +++          (no ring)
HPRegen 0.21/turn    (no ring)
MPRegen 0.10/turn

%: no passive effects
@: quick
A: very small, claws 1, fangs 3, see invisible, speed 1, shaggy fur 1, stealthy
paws, no weapons or thrown items, no armour, multi-lived
a: no special abilities


You were on level 2 of the Dungeon.
You visited 1 branch of the dungeon, and saw 2 of its levels.

You collected 33 gold pieces.

Inventory:

Scrolls
 f - a scroll of amnesia {unknown}
 h - a scroll of noise {unknown}
Potions
 a - 2 potions of invisibility
 b - a potion of might {unknown}
 c - 2 potions of brilliance {unknown}
 d - a potion of curing {unknown}
 e - a potion of haste {unknown}
 g - a potion of enlightenment {unknown}


   Skills:
 + Level 3.0 Dodging
 * Level 4.6 Stealth
 + Level 1.3 Unarmed Combat
 + Level 2.2 Spellcasting
 * Level 4.9 Hexes


You had 5 spell levels left.
You didn't know any spells.
Your spell library contained the following spells:

 Spells                   Type           Power      Damage    Failure   Level
 Confusing Touch          Hex            17%        N/A       8%          3
 Tukima's Dance           Hex            17%        N/A       8%          3
 Ensorcelled Hibernation  Hex/Ice        18%        N/A       11%         2
 Dazzling Flash           Conj/Hex       18%        N/A       22%         3


Dungeon Overview and Level Annotations

Branches:
Dungeon (2/15)

Altars:


Innate Abilities, Weirdness & Mutations

You have sharp claws.
You have razor-sharp teeth.
You have supernaturally acute eyesight. (SInv)
You cover ground quickly. (Speed+)
You are covered in fur. (AC +1)
Your paws help you pounce on unaware monsters.
You are incapable of wielding weapons or throwing items.
You cannot wear armour.
You gain extra lives every three experience levels.


Message History

You scratch the worm.
The worm is lightly wounded.
You scratch the worm but do no damage.
The worm is lightly wounded.
The worm bites you!
Ouch! That really hurt!
You scratch the worm.
The worm is lightly wounded.
The worm barely misses you.
You scratch the worm.
The worm is moderately wounded.
You barely miss the worm.
The worm is moderately wounded.
The worm barely misses you.
You scratch the worm.
The worm is severely wounded.
You scratch the worm.
The worm is severely wounded.
The worm closely misses you.
You barely miss the worm. Your bite misses the worm.
The worm is severely wounded.
The worm bites you.
* * * LOW HITPOINT WARNING * * *
You scratch the worm.
The worm is severely wounded.
You scratch the worm.
The worm is almost dead.
The worm completely misses you.
You scratch the worm but do no damage.
The worm is severely wounded.
You barely miss the worm.
The worm is severely wounded.
The worm misses you.
You scratch the worm but do no damage.
The worm is severely wounded.
You barely miss the worm.
The worm is severely wounded.
The worm bites you!
Ouch! That really hurt!
You die...

####### .......
####....... #..........
####.......... ###
............. #..
#.......... #.#
#####w@...# #####.#
#..........#######...#.#
~..~...................#
++~#.~(........###.....#
~~ ##....)####.# ###.#.#
~ #.....# #.# #.#.#
#~~~.## #.# #.#.# ###~.#
#.. ..#.. ~~.. ### ###.#


You could see a worm.

Vanquished Creatures
  3 dart slugs (D:1)
  2 ball pythons (D:2)
  4 endoplasms (D:1)
  2 giant cockroaches
  3 hobgoblins
  A bat (D:1)
  4 kobolds
19 creatures vanquished.

Notes
Turn   | Place    | Note
-------+----------+-------------------------------------------
     0 | D:1      | Moral the Felid Enchanter began the quest for the Orb.
     0 | D:1      | Reached XP level 1. HP: 7/7 MP: 4/4
     2 | D:1      | Noticed a ghoul
     4 | D:1      | Noticed an elf
     4 | D:1      | Noticed a troll
     6 | D:1      | Noticed a tengu
     6 | D:1      | Noticed a naga
     8 | D:1      | Noticed a gargoyle
     8 | D:1      | Noticed an octopode
    24 | D:1      | Noticed a demigod
    26 | D:1      | Noticed an armataur
    26 | D:1      | Noticed an ogre
    28 | D:1      | Noticed a vampire
    28 | D:1      | Noticed a felid
    30 | D:1      | Noticed a merfolk
    30 | D:1      | Noticed a draconian
    32 | D:1      | Noticed a demonspawn
    34 | D:1      | Noticed a minotaur
    34 | D:1      | Noticed a meteoran
    36 | D:1      | Noticed a spriggan
    36 | D:1      | Noticed a formicid
    38 | D:1      | Noticed a vampire
    38 | D:1      | Noticed a human
    40 | D:1      | Noticed an elf
   265 | D:1      | Reached XP level 2. HP: 8/11 MP: 6/6
   974 | D:2      | Slain by a worm

Illustrated notes

Levels and vault maps discovered:
D:1:      kb_arrival_jail, layout_basic
D:2:      layout_basic, serial_shops, shop,
          dreamdust_ecumenical_altar_drowned_temple, basic_altar,
          grunt_ministairs_6, uniq_natasha

Skill      XL: |  1  2 |
---------------+-------+-----
Dodging        | 3 |  3.0
Stealth        | |  4.6
Unarmed Combat | |  1.3
Spellcasting   | |  2.2
Hexes          | |  4.9

Action                     || total
---------------------------++-------
  Melee: Unarmed           ||    83
         Bite              ||     4
         Punch             ||     2
   Stab: Sleeping          ||     6
 Armour: Skin              ||     3
  Dodge: Dodged            ||    55

Table legend: (Time is in decaauts)
 A = Elapsed time spent in this place.
 B = Non-inter-level travel time spent in this place.
 C = Inter-level travel time spent in this place.
 D = Time resting spent in this place.
 E = Time spent auto-exploring this place.
 F = Levels seen in this place.
 G = Mean time per level.
                   A        B        C        D        E       F      G
               +--------+--------+--------+--------+--------+-----+--------+
         Total |    837 |    837 |      0 |    156 |    438 |   2 |  418.5 |
       Dungeon |    837 |    837 |      0 |    156 |    438 |   2 |  418.5 |
               +--------+--------+--------+--------+--------+-----+--------+

Top non-repeatable levels by time:
     D:1: 635 daAuts
     D:2: 202 daAuts
